 Dungeon Crawl Stone Soup version 0.27-b1-2-g8387495791 (webtiles) character file.

Game seed: 16112689781189716622

26 pikapanic the Skirmisher (level 2, -4/24 HPs)
             Began as a Demonspawn Berserker on July 26, 2021.
             Was a Follower of Trog.
             Slain by a worm (6 damage)
             ... on level 2 of the Dungeon.
             The game lasted 00:06:05 (1732 turns).

pikapanic the Skirmisher (Demonspawn Berserker)     Turns: 1732, Time: 00:06:06

Health: -4/24      AC:  3    Str: 17    XL:     2   Next: 89%
Magic:  2/2        EV: 12    Int:  8    God:    Trog [*.....]
Gold:   37         SH:  4    Dex: 12    Spells: 1/1 levels left

rFire    . . .     SeeInvis .   a - +0 spear
rCold    . . .     Faith    .   (no shield)
rNeg     . . .     Spirit   .   e - +0 leather armour
rPois    .         Reflect  .   (no helmet)
rElec    .         Harm     .   (no cloak)
rCorr    .         Rampage  .   (no gloves)
Will     .....                  (no boots)
Stlth    +.........             (no amulet)
HPRegen  0.08/turn              (no ring)
MPRegen  0.08/turn              (no ring)

@: no status effects
A: condensation shield
a: Renounce Religion, Berserk


You were on level 2 of the Dungeon.
You worshipped Trog.
Trog was aware of your devotion.
You visited 1 branch of the dungeon, and saw 2 of its levels.

You collected 37 gold pieces.

Inventory:

Hand Weapons
 a - a +0 spear (weapon)
 d - a +0 spear
Armour
 b - a +0 animal skin
 e - a +0 leather armour (worn)
 g - a +0 leather armour
Scrolls
 c - a scroll of identify {unknown}
Potions
 f - a potion of heal wounds {unknown}


   Skills:
 + Level 3.3 Fighting
 + Level 3.1 Polearms
 + Level 1.8 Armour
 + Level 2.1 Dodging
 + Level 0.2 Stealth
 + Level 0.1 Shields


You had one spell level left.
You didn't know any spells.
Your spell library was empty.

Dungeon Overview and Level Annotations

Branches:
Dungeon (2/15)

Altars:

Shops:
D:1 (


Innate Abilities, Weirdness & Mutations

A meltable shield of frost defends you. (SH +4)


Message History

You hit the worm.
The worm is heavily wounded.
You hit the worm.
The worm is heavily wounded.
The worm bites you!
You hit the worm.
The worm is severely wounded.
You hit the worm but do no damage.
The worm is severely wounded.
The worm bites you.
* * * LOW HITPOINT WARNING * * *
You hit the worm but do no damage.
The worm is heavily wounded.
You hit the worm but do no damage.
The worm is heavily wounded.
The worm bites you.
* * * LOW HITPOINT WARNING * * *
You start resting.
A worm is nearby!
A worm is nearby!
A worm is nearby!
A worm is nearby!
A worm is nearby!
A worm is nearby!
A worm is nearby!
You hit the worm.
The worm is lightly wounded.
The worm bites you but does no damage.
You hit the worm.
The worm is lightly wounded.
You hit the worm.
The worm is moderately wounded.
The worm bites you!
* * * LOW HITPOINT WARNING * * *
You hit the worm.
The worm is heavily wounded.
You hit the worm.
The worm is severely wounded.
The worm bites you.
You die...

#### ##..#
#####.#####
#.....# #@#
#.###.###w#
#.# ##...##
#.# #####
#.# #.# #.#
#w# #.#
##.#######
#.#
#.....w..#


You could see a worm.

Vanquished Creatures
  A bat (D:1)
  6 endoplasms
  A goblin (D:1)
  A hobgoblin (D:1)
  6 jackals (D:1)
  5 ball pythons (D:1)
  2 frilled lizards (D:1)
22 creatures vanquished.

Vanquished Creatures (others)
  4 fungi (D:1)
4 creatures vanquished.

Grand Total: 26 creatures vanquished

Notes
Turn   | Place    | Note
-------+----------+-------------------------------------------
     0 | D:1      | pikapanic the Demonspawn Berserker began the quest for the
                  | Orb.
     0 | D:1      | Reached XP level 1. HP: 18/18 MP: 1/1
   480 | D:1      | Gained mutation: A meltable shield of frost defends you.
                  | (SH +4) [demonic ancestry]
   480 | D:1      | Reached XP level 2. HP: 23/24 MP: 2/2
   689 | D:1      | Found Igrepreng's Antique Weapon Boutique.
  1079 | D:1      | Found a faded altar of an unknown god.
  1732 | D:2      | Slain by a worm

Illustrated notes

Levels and vault maps discovered:
D:1:      shiori_arrival_elements, layout_basic,
          shapermc_ecumenical_altar_hornbeckon, serial_shops, shop_statue
D:2:      minmay_alternating_diamond, layout_loops_ring,
          minmay_misc_feat_more_columns, minmay_splitting_lines,
          minmay_hexomino_c4

Skill      XL: |  1  2 |
---------------+-------+-----
Dodging        | 2 |  2.1
Polearms       | 3 |  3.1
Fighting       | |  3.3
Armour         | |  1.8
Stealth        | |  0.2
Shields        | |  0.1

Action                   || total
-------------------------++-------
Melee: Spear             ||   111
Armor: Animal skin       ||    10
       Leather armour    ||     6
Dodge: Dodged            ||    32
Block: Other             ||    12
